 Dungeon Crawl Stone Soup version 0.17-a0-2208-ge5ab1d3 (webtiles) character file.

65 concernedbohemian the Grave Robber (level 3, 0/26 HPs)
             Began as a Draconian Necromancer on Oct 26, 2015.
             Slain by an orc wizard
             ... wielding a +0 dagger
              (1 damage)
             ... on level 3 of the Dungeon.
             The game lasted 00:17:41 (2417 turns).

concernedbohemian the Grave Robber (DrNe)           Turns: 2417, Time: 00:17:42

Health: 0/26       AC:  5    Str: 10    XL:     3   Next: 94%
Magic:  6/7        EV: 12    Int: 16    God:
Gold:   194        SH:  0    Dex: 11    Spells: 3 memorised, 2 levels left

rFire  . . .     SeeInvis .     o - -1 short sword (curse)
rCold  + . .     Clarity  .     (armour unavailable)
rNeg   . . .     SustAt   .     (no shield)
rPois  .         Gourm    .     (helmet restricted)
rElec  .         Spirit   .     (no cloak)
rCorr  .         Warding  .     (no gloves)
rMut   .         Stasis   .     (no boots)
MR     .....                    (no amulet)
Stlth  ++........               (no ring)
                                l - ring of protection from cold

@: very slightly contaminated, invisible, not resistant to hostile enchantments,
unstealthy
A: unfitting armour, cold-blooded, AC +5
a: no special abilities


You were on level 3 of the Dungeon.
You were hungry.

You visited 1 branch of the dungeon, and saw 3 of its levels.

You collected 194 gold pieces.

Inventory:

Hand Weapons
 d - a +0 dagger
 i - a +1 dagger of venom
 o - a cursed -1 short sword (weapon)
Missiles
 h - 106 stones (quivered)
Armour
 f - a +1 robe
Jewellery
 l - a ring of protection from cold (left hand)
Wands
 k - a wand of frost (28)
Scrolls
 c - 4 scrolls of enchant armour
Potions
 g - a potion of curing
 j - a potion of invisibility
 n - 2 potions of ambrosia
Books
 a - a book of Necromancy

   Spells                             Type                      Level
   a - Pain                           Necromancy                   1
   b - Animate Skeleton               Necromancy                   1
   c - Vampiric Draining              Necromancy                   3
   d - Regeneration                   Charms/Necromancy            3
   e - Animate Dead                   Necromancy                   4
   f - Control Undead                 Necromancy                   4
Comestibles
 b - 2 bread rations
 m - a beef jerky


   Skills:
 + Level 0.2 Fighting
 + Level 0.1 Throwing
 + Level 2.6 Dodging
 + Level 1.7 Stealth
 + Level 2.8 Spellcasting
 + Level 4.4 Necromancy


You had 2 spell levels left.
You knew the following spells:

 Your Spells              Type           Power        Failure   Level  Hunger
a - Pain                  Necr           ###.         3%          1    #......
b - Animate Skeleton      Necr           N/A          3%          1    #......
c - Vampiric Draining     Necr           ###.......   12%         3    ###....


Dungeon Overview and Level Annotations

Branches:
Dungeon (3/15)

Altars:


Innate Abilities, Weirdness & Mutations

Your plain brown scales are hard (AC +5).
Your body does not fit into most forms of armour.
You are cold-blooded and may be slowed by cold attacks.


Message History

You barely miss the orc wizard.
You tail-slap the orc wizard, but do no damage.
The orc wizard is severely wounded.
The orc wizard misses you.
An orc comes into view. It is wielding a short sword.
You barely miss the orc wizard.
The orc wizard is severely wounded.
The orc shouts!
The orc wizard hits you with a dagger.
You hit the orc wizard but do no damage.
Your tail-slap misses the orc wizard.
The orc wizard is severely wounded.
The orc wizard hits you but does no damage.
The orc priest mumbles some strange prayers to Beogh against you.
Something smites you!
* * * LOW HITPOINT WARNING * * *
There are monsters nearby!
You fade into invisibility!
The orc wizard hits you with a dagger.
You die...

#†##....... #.....#####
#.###.# #.# #.# #
#.###.# ## #.....####.
#..<...##..
...###########...##.#...
....ooo@............'...
....oo######.....##.#...
#.### #.#..###>##..
#.#.## #.###. #.#.####.#
## #.#...)..# ##
#.######## #. #.# #.
##.## #.


You could see an orc priest, an orc wizard and 3 orcs.

Vanquished Creatures
  An adder (D:3)
  A giant gecko (D:1)
  5 bats
  9 goblins
  6 hobgoblins
  3 jackals (D:1)
  12 kobolds
  3 quokkas
  2 ball pythons (D:1)
  3 giant newts
  8 rats
53 creatures vanquished.

Notes
Turn   | Place    | Note
--------------------------------------------------------------
     0 | D:1      | concernedbohemian the Draconian Necromancer began the quest for the Orb.
     0 | D:1      | Reached XP level 1. HP: 14/14 MP: 3/3
   222 | D:1      | Reached XP level 2. HP: 10/20 MP: 0/5
   225 | D:1      | Learned a level 1 spell: Animate Skeleton
  1117 | D:2      | Reached XP level 3. HP: 22/26 MP: 2/6
  1534 | D:2      | Learned a level 3 spell: Vampiric Draining
  2416 | D:3      | HP: 1/26 [orc priest/divine providence (12)]
  2417 | D:3      | Slain by an orc wizard

Vault maps used:
D:1:      roderic_octagonal_star
D:3:      old_standard_altar, old_standard_altar, first_bread

Action                   || total
-------------------------++-------
Melee: Unarmed           ||    49
       Dagger            ||    40
       Short sword       ||    13
Throw: Stone             ||     6
 Cast: Pain              ||    53
       Animate Skeleton  ||     1
       Vampiric Draining ||     3
  Use: Scroll            ||     8
       Potion            ||     8
 Stab: Sleeping          ||     3
  Eat: Bread ration      ||     1
       Chunk             ||     1
